 Dungeon Sprint DCSS version 0.17.1-3-g152610e (webtiles) character file.

13259 Kokonut the Brawler (level 11, -1/122 HPs)
             Began as a Troll Berserker on Feb 27, 2016.
             Was a High Priest of Trog.
             Shot with an arrow by a deep elf master archer (21 damage)
             ... in the Dungeon (Sprint I: "Red Sonja").
             The game lasted 00:23:50 (2463 turns).

Kokonut the Brawler (Troll Berserker)               Turns: 2463, Time: 00:23:50

Health: -1/122     AC:  9    Str: 28    XL:     11   Next: 73%
Magic:  10/10      EV: 15    Int:  3    God:    Trog [*****.]
Gold:   1009       SH:  0    Dex: 11    Spells: 0 memorised, 10 levels left

rFire  . . .     SeeInvis +       - Unarmed
rCold  . . .     Clarity  .     q - +2 robe {Archmagi}
rNeg   . . .     SustAt   .     (no shield)
rPois  +         Gourm    +     (helmet restricted)
rElec  .         Spirit   .     r - +1 cloak
rCorr  .         Warding  .     (gloves unavailable)
rMut   .         NoTele   +     (boots unavailable)
MR     .....                    (no amulet)
Stlth  +.........               v - ring of poison resistance
                                w - ring of see invisible

@: very slightly contaminated, not resistant to hostile enchantments, very
unstealthy
A: unfitting armour, claws 3, fast metabolism 3, gourmand, regeneration 2,
shaggy fur 1, tough skin 2
a: Berserk, Trog's Hand, Brothers in Arms, Burn Spellbooks, Renounce Religion


You were in the Dungeon.
You worshipped Trog.
Trog was extremely pleased with you.
You were not hungry.

You visited 1 branch You collected 1628 gold pieces.
You spent 619 gold pieces at shops.

Inventory:

Hand Weapons
 a - a +0 falchion
 e - a +0 antimagic triple sword
 l - a +0 great sword of slicing
 u - a +6 quarterstaff of crushing
 y - a +2 dire flail of holy wrath
 z - a +1 antimagic triple sword
 B - a +3 longbow of velocity
 D - a +0 glaive
Missiles
 c - 6 sling bullets
 A - 6 arrows
 C - 8 arrows of dispersal
Armour
 b - a +0 animal skin
 j - a +2 robe of cold resistance
 q - a +2 robe of the Archmagi (worn)
 r - a +1 cloak (worn)
Jewellery
 s - an uncursed ring of protection from magic
 v - a ring of poison resistance (right claw)
 w - a ring of see invisible (left claw)
Wands
 o - a wand of lightning (3)
Scrolls
 k - 3 scrolls of immolation
 m - a scroll of identify
 t - a scroll of enchant weapon
 x - a scroll of magic mapping {unknown}
Potions
 d - 3 potions of curing
 f - a potion of haste
 g - 3 potions of magic
 h - a potion of berserk rage
Miscellaneous
 p - a legendary deck of defence {the Alchemist}
Comestibles
 n - 2 royal jellies


   Skills:
 + Level 11.6 Fighting
 + Level 11.6 Long Blades
 + Level 11.6 Dodging
 * Level 17.8 Unarmed Combat


You had 10 spell levels left.
You didn't know any spells.

Dungeon Overview and Level Annotations

Branches:
Dungeon (1/1)

Altars:
Cheibriados
Dithmenos
Elyvilon
Fedhas
Gozag
Kikubaaqudgha
Makhleb
Nemelex Xobeh
Okawaru
Qazlal
Ru
Sif Muna
Trog
Vehumet
Xom
Yredelemnul
Zin
The Shining One
Jiyva

Shops:
D (:?[}%!:(*![=(([:

Annotations:
D Lernaean hydra, Norris


Innate Abilities, Weirdness & Mutations

You are too large for most types of armour.
You have claws for hands.
Your metabolism is lightning-fast.
You like to eat raw meat.
You heal very quickly.
You are covered in fur (AC +1).
You have very tough skin (AC +2).


Message History

The 27-headed Lernaean hydra bites your deep troll. x2
The 27-headed Lernaean hydra bites your deep troll!
Your deep troll dies!
Your deep troll's corpse disappears in a puff of smoke!
Found 54 gold pieces.
You enter the shallow water.
Moving in this stuff is going to be slow.
You close the door.
A deep elf master archer comes into view.
The deep elf master archer shouts!
The deep elf master archer wields a longbow.
The deep elf master archer shoots an arrow.
The arrow barely misses you.
You hear a splash.
The deep elf master archer shoots an arrow.
The arrow closely misses you.
You hear a splash.
The deep elf master archer shoots an arrow.
The arrow hits you!!
You die...

###..# +..#
##+## #≈≈≈##
#≈≈≈≈##
#§≈≈D≈####### §
##≈≈≈≈#≈≈≈≈≈#...
#'≈≈≈+(≈.≈≈§§§§
$$$##≈≈#(@≈≈≈#≈
$$ ######'###
$$$ ≈≈≈ ####
≈≈≈≈≈ ≈≈≈e≈≈#
$..$≈≈≈ #######


You could see a deep elf master archer.

Vanquished Creatures
  A deep elf annihilator (D)
  A mummy priest (D)
  2 centaur warriors (D)
  2 unseen horrors (D)
  A deep troll (D)
  2 oklob plants (D)
  A lindwurm (D)
  2 sirens (D)
  A gargoyle (D)
  4 demonic crawlers (D)
  A hellwing (D)
  2 kobold demonologists (D)
  A slime creature (D)
  4 trapdoor spiders (D)
  13 hogs (D)
  Sigmund (D)
  A yak (D)
  5 wasps (D)
  7 necrophages (D)
  An ogre (D)
  Ijyb (D)
  8 jellies (D)
  3 giant eyeballs (D)
  3 ballistomycetes (D)
  A giant spore (D)
69 creatures vanquished.

Vanquished Creatures (collateral kills)
  A hydra (D)
  Sonja (D)
2 creatures vanquished.

Vanquished Creatures (others)
  A giant spore (D)
1 creature vanquished.

Grand Total: 72 creatures vanquished

Notes
Turn   | Place    | Note
--------------------------------------------------------------
     0 | D        | Kokonut the Troll Berserker began the quest for the Orb.
     0 | D        | Reached XP level 1. HP: 22/22 MP: 0/0
     2 | D        | Noticed Ijyb
    13 | D        | Killed Ijyb
    13 | D        | Reached skill level 3 in Fighting
    13 | D        | Reached XP level 2. HP: 17/31 MP: 1/1
    41 | D        | Noticed an ogre
    45 | D        | Killed an ogre
    45 | D        | Reached ** piety under Trog
    45 | D        | Reached skill level 4 in Fighting
    45 | D        | Reached skill level 5 in Unarmed Combat
    45 | D        | Reached XP level 3. HP: 21/39 MP: 2/2
    45 | D        | Reached XP level 4. HP: 25/48 MP: 3/3
    94 | D        | Noticed Sigmund
   100 | D        | Killed Sigmund
   100 | D        | Reached skill level 5 in Fighting
   100 | D        | Reached skill level 5 in Long Blades
   100 | D        | Reached skill level 5 in Dodging
   100 | D        | Reached skill level 7 in Unarmed Combat
   100 | D        | Reached XP level 5. HP: 48/57 MP: 4/4
   179 | D        | Found a deep blue altar of Sif Muna.
   180 | D        | Noticed a jelly
   181 | D        | Found a radiant altar of Vehumet.
   183 | D        | Killed a jelly
   183 | D        | Reached XP level 6. HP: 66/66 MP: 5/5
   211 | D        | Found Depron's Book Emporium.
   211 | D        | Found a white marble altar of Elyvilon.
   211 | D        | Found a stormy altar of Qazlal.
   211 | D        | Found a burning altar of Makhleb.
   211 | D        | Found a sacrificial altar of Ru.
   211 | D        | Found a basalt altar of Yredelemnul.
   211 | D        | Found a glowing golden altar of the Shining One.
   211 | D        | Found a sparkling altar of Nemelex Xobeh.
   211 | D        | Found a shimmering altar of Xom.
   211 | D        | Found an opulent altar of Gozag.
   211 | D        | Found an ancient bone altar of Kikubaaqudgha.
   211 | D        | Found a glowing silver altar of Zin.
   211 | D        | Noticed a yak
   217 | D        | Killed a yak
   217 | D        | Reached skill level 9 in Unarmed Combat
   218 | D        | Found an iron altar of Okawaru.
   219 | D        | Found a bloodstained altar of Trog.
   232 | D        | Noticed a centaur warrior
   235 | D        | Noticed a centaur warrior
   238 | D        | Killed a centaur warrior
   238 | D        | Reached *** piety under Trog
   238 | D        | Reached skill level 11 in Unarmed Combat
   238 | D        | Reached XP level 7. HP: 78/78 MP: 6/6
   238 | D        | Reached XP level 8. HP: 87/87 MP: 7/7
   242 | D        | Killed a centaur warrior
   242 | D        | Reached skill level 12 in Unarmed Combat
   284 | D        | Noticed a deep troll
   287 | D        | Killed a deep troll
   287 | D        | Reached XP level 9. HP: 97/97 MP: 8/8
   301 | D        | Found Wezaluan's Armour Emporium.
   322 | D        | Found a snail-covered altar of Cheibriados.
   322 | D        | Found a viscous altar of Jiyva.
   322 | D        | Found a shadowy altar of Dithmenos.
   322 | D        | Found a blossoming altar of Fedhas.
   322 | D        | Noticed a slime creature
   326 | D        | Killed a slime creature
   326 | D        | Reached **** piety under Trog
   326 | D        | Reached skill level 13 in Unarmed Combat
   344 | D        | Noticed a kobold demonologist
   345 | D        | Noticed a kobold demonologist
   353 | D        | Killed a kobold demonologist
   353 | D        | Reached ***** piety under Trog
   355 | D        | Killed a kobold demonologist
   407 | D        | Noticed a wasp
   410 | D        | Paralysed by a wasp for 3 turns
   414 | D        | Killed a wasp
   445 | D        | Noticed Sonja
   450 | D        | Killed Sonja
   466 | D        | Found Zuix's Weapon Boutique.
   500 | D        | Noticed an oklob plant
   506 | D        | Killed an oklob plant
   506 | D        | Reached skill level 14 in Unarmed Combat
   562 | D        | Noticed a trapdoor spider
   568 | D        | Killed a trapdoor spider
   694 | D        | Noticed a trapdoor spider
   695 | D        | Noticed a trapdoor spider
   702 | D        | Killed a trapdoor spider
   702 | D        | Reached XP level 10. HP: 56/107 MP: 9/9
   704 | D        | Killed a trapdoor spider
   711 | D        | Noticed a trapdoor spider
   713 | D        | Killed a trapdoor spider
   713 | D        | Received a gift from Trog
   886 | D        | Noticed a jelly
   886 | D        | Noticed a jelly
   887 | D        | Noticed a jelly
   891 | D        | Killed a jelly
   892 | D        | Killed a jelly
   894 | D        | Noticed a jelly
   894 | D        | Noticed a jelly
   894 | D        | Noticed a jelly
   894 | D        | Noticed a jelly
   897 | D        | Killed a jelly
   899 | D        | Killed a jelly
   903 | D        | Killed a jelly
   905 | D        | Killed a jelly
   905 | D        | Reached ****** piety under Trog
   909 | D        | Killed a jelly
   946 | D        | Killed an unseen horror
   946 | D        | Reached skill level 15 in Unarmed Combat
   975 | D        | Killed an unseen horror
   975 | D        | Reached skill level 10 in Fighting
   975 | D        | Reached skill level 10 in Dodging
   982 | D        | Noticed a necrophage
   983 | D        | Noticed a necrophage
   983 | D        | Noticed a necrophage
   984 | D        | Noticed a necrophage
   984 | D        | Noticed a necrophage
   985 | D        | Noticed a necrophage
   986 | D        | Killed a necrophage
   986 | D        | Reached skill level 10 in Long Blades
   987 | D        | Killed a necrophage
   989 | D        | Killed a necrophage
   990 | D        | Noticed a necrophage
   992 | D        | Killed a necrophage
   993 | D        | Killed a necrophage
   995 | D        | Killed a necrophage
  1001 | D        | Killed a necrophage
  1019 | D        | Found Bamuwein's Antique Armour Shoppe.
  1019 | D        | Found Kyonabel's Magic Scroll Shop.
  1019 | D        | Found Vikloc's Gadget Boutique.
  1021 | D        | Found Pyos's Food Emporium.
  1021 | D        | Found Fom Esim's Distillery.
  1021 | D        | Found Fiwatesoex's Book Shoppe.
  1021 | D        | Found Senyus's Antique Weapon Boutique.
  1021 | D        | Found Humoplor's Assorted Antiques.
  1021 | D        | Found Assoesow's Distillery.
  1021 | D        | Found Onukicut's Antique Armour Shoppe.
  1023 | D        | Bought a scroll of identify for 28 gold pieces
  1026 | D        | Found Gabac's Jewellery Boutique.
  1027 | D        | Found Qigol's Antique Weapon Emporium.
  1027 | D        | Found Ugufapti's Weapon Boutique.
  1028 | D        | Found Cobb's Book Emporium.
  1052 | D        | Bought a runed robe for 21 gold pieces
  1052 | D        | Bought an embroidered cloak for 135 gold pieces
  1075 | D        | Bought a tourmaline ring for 85 gold pieces
  1204 | D        | Noticed a demonic crawler
  1204 | D        | Noticed a demonic crawler
  1204 | D        | Noticed a demonic crawler
  1204 | D        | Noticed a demonic crawler
  1209 | D        | Killed a demonic crawler
  1218 | D        | Killed a demonic crawler
  1221 | D        | Killed a demonic crawler
  1228 | D        | Killed a demonic crawler
  1228 | D        | Received a gift from Trog
  1372 | D        | Noticed a lindwurm
  1379 | D        | Killed a lindwurm
  1379 | D        | Reached skill level 16 in Unarmed Combat
  1452 | D        | Bought an uncursed ring of poison resistance for 200 gold pieces
  1452 | D        | Bought an uncursed ring of see invisible for 150 gold pieces
  1499 | D        | Noticed a gargoyle
  1506 | D        | Killed a gargoyle
  1506 | D        | Reached XP level 11. HP: 110/119 MP: 10/10
  1534 | D        | Noticed Norris
  1535 | D        | Noticed a lorocyproca
  1649 | D        | Noticed a hog
  1649 | D        | Noticed a hog
  1649 | D        | Noticed a hog
  1649 | D        | Noticed a hog
  1649 | D        | Noticed a hog
  1649 | D        | Noticed a hog
  1649 | D        | Noticed a hog
  1649 | D        | Noticed a hog
  1652 | D        | Killed a hog
  1653 | D        | Killed a hog
  1654 | D        | Noticed a hog
  1654 | D        | Noticed a hog
  1654 | D        | Noticed a hog
  1655 | D        | Noticed a hog
  1659 | D        | Killed a hog
  1661 | D        | Killed a hog
  1663 | D        | Noticed a hog
  1664 | D        | Killed a hog
  1670 | D        | Killed a hog
  1670 | D        | Received a gift from Trog
  1676 | D        | Killed a hog
  1683 | D        | Killed a hog
  1684 | D        | Killed a hog
  1687 | D        | Killed a hog
  1692 | D        | Killed a hog
  1692 | D        | Received a gift from Trog
  1696 | D        | Killed a hog
  1699 | D        | Killed a hog
  1730 | D        | Noticed a 12-headed hydra
  1731 | D        | Killed a 12-headed hydra
  1762 | D        | Noticed a siren
  1762 | D        | Noticed a deep elf annihilator
  1763 | D        | Noticed a hellwing
  1770 | D        | Killed a siren
  1770 | D        | Reached skill level 17 in Unarmed Combat
  1771 | D        | Noticed a siren
  1772 | D        | Noticed a wasp
  1772 | D        | Killed a siren
  1772 | D        | Received a gift from Trog
  1773 | D        | Noticed a wasp
  1785 | D        | Killed a hellwing
  1786 | D        | Killed a wasp
  1789 | D        | Killed a wasp
  1901 | D        | Killed a deep elf annihilator
  1901 | D        | Received a gift from Trog
  2067 | D        | Noticed a mummy priest
  2067 | D        | Noticed a wasp
  2067 | D        | Noticed a wasp
  2079 | D        | Killed a wasp
  2082 | D        | Killed a wasp
  2204 | D        | Noticed a jiangshi
  2213 | D        | Noticed a jiangshi
  2218 | D        | Killed a mummy priest
  2219 | D        | Noticed an oklob plant
  2381 | D        | Killed an oklob plant
  2453 | D        | Noticed the 27-headed Lernaean hydra
  2462 | D        | Noticed a deep elf master archer
  2463 | D        | Shot with an arrow by a deep elf master archer

Action                   |  1- 3 |  4- 6 |  7- 9 | 10-12 || total
-------------------------+-------+-------+-------+-------++-------
Melee: Unarmed           |    13 |    14 |    40 |   172 ||   239
       Glaive            |       |       |       |     6 ||     6
 Fire: Longbow           |       |       |       |     2 ||     2
Invok: Berserk           |       |     2 |     2 |     2 ||     6
       Brothers in Arms  |       |       |     1 |     4 ||     5
  Use: Scroll            |       |       |       |     4 ||     4
       Potion            |       |       |       |     1 ||     1
  Eat: Chunk             |       |       |     8 |    11 ||    19
       Bread ration      |       |       |       |     2 ||     2
       Beef jerky        |       |       |       |     1 ||     1
